 Dungeon Crawl Stone Soup version 0.30-a0-949-g53dc5368d7 (webtiles) character file.

Game seed: 11580199690609738255

97 DeathPants the Twirler (level 4, -18/23 HPs)
             Began as a Vine Stalker Gladiator on Mar 27, 2023.
             Demolished by an ogre
             ... wielding a +0 giant club
              (20 damage)
             ... on level 3 of the Dungeon.
             The game lasted 00:05:23 (2445 turns).

DeathPants the Twirler (Vine Stalker Gladiator)     Turns: 2445, Time: 00:05:24

Health: -18/23     AC:  4    Str: 17    XL:     4   Next: 68%
Magic:  0/7        EV: 12    Int: 10    God:
Gold:   217        SH:  0    Dex: 15    Spells: 5/6 levels left

rFire   . . .      SeeInvis .    a - +0 quarterstaff (flame)
rCold   . . .      Faith    .    (shield currently unavailable)
rNeg    + . .      Spirit   +    b - +0 leather armour
rPois   .          Reflect  .    c - +0 helmet
rElec   .          Rampage  .    (no cloak)
rCorr   .                        (no gloves)
Will    .....                    (no boots)
Stlth   +                        (no amulet)
HPRegen 1.03/turn                i - ring of positive energy
MPRegen 0.10/turn                (no ring)

@: about to teleport
A: fangs 2, regeneration 1, magic shield, antimagic bite, no potion heal 2
a: no special abilities


You were on level 3 of the Dungeon.
You visited 1 branch of the dungeon, and saw 4 of its levels.

You collected 217 gold pieces.

Inventory:

Hand Weapons
 a - a +0 quarterstaff of flaming (weapon)
Missiles
 d - 3 throwing nets (quivered)
 e - a javelin
 m - 5 curare-tipped darts
 o - 2 poisoned darts
Armour
 b - a +0 leather armour (worn)
 c - a +0 helmet (worn)
Jewellery
 f - a ring of ice
 i - a ring of positive energy (left hand)
Potions
 h - a potion of magic
 j - 2 potions of attraction
 k - 2 potions of resistance
 l - a potion of mutation
 n - 2 potions of might {unknown}


   Skills:
 + Level 2.4 Fighting
 * Level 3.6 Staves
 - Level 1.7 Throwing
 - Level 2.5 Dodging
 + Level 1.5 Spellcasting
 + Level 1.2 Transmutations


You had 5 spell levels left.
You knew the following spells:

 Your Spells              Type           Power      Damage    Failure   Level
a - Beastly Appendage     Tmut           6%         N/A       24%         1

Your spell library contained the following spells:

 Spells                   Type           Power      Damage    Failure   Level
 Wereblood                Tmut           3%         N/A       36%         2
 Passwall                 Tmut/Erth      1%         N/A       43%         2
 Ensorcelled Hibernation  Hex/Ice        0%         N/A       52%         2
 Spider Form              Tmut/Pois      2%         N/A       67%         3
 Swiftness                Air            0%         N/A       77%         3


Dungeon Overview and Level Annotations

Branches:
Dungeon (4/15)
 Temple: D:4-7

Altars:


Innate Abilities, Weirdness & Mutations

You have extremely sharp teeth.
Your natural rate of healing is unusually fast.
When hurt, damage is shared between your health and your magic reserves.
Your bite disrupts and absorbs the magic of your enemies.
Potions cannot restore your health.


Message History

You see here a hound corpse.
There is a stone staircase leading up here.
HP restored.
You climb upwards.
There is a stone staircase leading down here.
Magic restored.
A goblin comes into view. It is wielding a +0 dagger.
Found 14 gold pieces.
The goblin shouts!
The goblin unwields a +0 dagger.
The goblin wields a +0 sling.
The goblin shoots a sling bullet.
The sling bullet barely misses you.
The goblin shoots a sling bullet.
The sling bullet hits you.
The goblin unwields a +0 sling.
The goblin wields a +0 dagger.
The goblin barely misses you.
You barely miss the goblin. You completely miss the goblin.
Your bite misses the goblin. The goblin hits you with a +0 dagger.
The goblin closely misses you.
You barely miss the goblin. Your bite misses the goblin.
The goblin hits you but does no damage.
You sock the goblin! You burn the goblin.
You kill the goblin!
Things that are here:
a +0 dagger; a +0 sling You now have 201 gold pieces (gained 14).
There is a stone staircase leading up here.
You now have 217 gold pieces (gained 16).
A worm comes into view.
An ogre comes into view. It is wielding a +0 giant club.
The ogre shouts!
A ball python comes into view.
The ogre hits you with a +0 giant club!
Ouch! That really hurt!
The worm bites you but does no damage. The ogre hits you with a +0 giant club!
* * * LOW HITPOINT WARNING * * *
As you read the scroll of teleportation, it crumbles to dust.
You feel strangely unstable. The ogre attacks as you move away!
The ogre hits you with a +0 giant club!!
Ouch! That really hurt!
You die...

#.########
#.# ...#
.....
##....
##.#. ..#.
..
#w#####.#.
#.@.......
##.O......
#.#######
#.# #.#
#.# ###.#
#...#
#.###


You could see an ogre and a worm.

Vanquished Creatures
  A hound (D:4)
  2 worms
  3 dart slugs
  7 endoplasms
  A giant cockroach (D:3)
  4 goblins
  6 hobgoblins
  2 jackals (D:2)
  8 kobolds
  A quokka (D:1)
  4 ball pythons
  A bat (D:3)
  2 frilled lizards (D:1)
  10 rats
52 creatures vanquished.

Vanquished Creatures (others)
  3 fungi (D:1)
3 creatures vanquished.

Grand Total: 55 creatures vanquished

Notes
Turn   | Place    | Note
-------+----------+-------------------------------------------
     0 | D:1      | DeathPants the Vine Stalker Gladiator began the quest for
                  | the Orb.
     0 | D:1      | Reached XP level 1. HP: 11/11 MP: 2/2
    78 | D:1      | Found a faded altar of an unknown god.
   234 | D:1      | Reached XP level 2. HP: 15/15 MP: 3/3
   335 | D:2      | Reached skill level 3 in Staves
   342 | D:1      | Learned a level 1 spell: Beastly Appendage
   574 | D:1      | Reached XP level 3. HP: 16/18 MP: 3/5
   575 | D:1      | Reached skill level 1 in Spellcasting
  2256 | D:3      | Gained mutation: Your natural rate of healing is unusually
                  | fast. [Vine Stalker growth]
  2256 | D:3      | Reached XP level 4. HP: 9/23 MP: 6/6
  2308 | D:3      | Reached skill level 1 in Transmutations
  2441 | D:3      | Noticed an ogre
  2443 | D:3      | HP: 1/23 [ogre/+0 giant club (10)]
  2445 | D:3      | Demolished by an ogre

Illustrated notes

Levels and vault maps discovered:
D:1:      scummos_arrival_simple_fountains, layout_basic,
          shapermc_ecumenical_altar_mp_urbaneastern
D:2:      layout_basic, dreamdust_wishing_well, kennysheep_small_spiral,
          grunt_ministairs_15, kennysheep_generic_room_2
D:3:      layout_loops_ring, st_stairs_3
D:4:      layout_loops_ring, chequers_serial_rivers_micro_c,
          minmay_misc_feat_doors

Skill      XL: |  1  2  3  4 |
---------------+-------------+-----
Staves         | 3 |  3.6
Fighting       | 2 |  2.4
Spellcasting   | 1 |  1.5
Transmutations | 1 |  1.2
Throwing       | |  1.7
Dodging        | |  2.5

Action                     |  1- 3 |  4- 6 || total
---------------------------+-------+-------++-------
  Melee: Quarterstaff      |   117 |    22 ||   139
         Bite              |    25 |     2 ||    27
    Use: Scroll            |     9 |     1 ||    10
   Stab: Sleeping          |     2 |       ||     2
 Armour: Leather armour    |    22 |     4 ||    26
  Dodge: Dodged            |    58 |     8 ||    66

Table legend: (Time is in decaauts)
 A = Elapsed time spent in this place.
 B = Non-inter-level travel time spent in this place.
 C = Inter-level travel time spent in this place.
 D = Time resting spent in this place.
 E = Time spent auto-exploring this place.
 F = Levels seen in this place.
 G = Mean time per level.
                   A        B        C        D        E       F      G
               +--------+--------+--------+--------+--------+-----+--------+
         Total |   2466 |   2409 |     57 |     38 |   1839 |   4 |  616.5 |
       Dungeon |   2466 |   2409 |     57 |     38 |   1839 |   4 |  616.5 |
               +--------+--------+--------+--------+--------+-----+--------+

Top non-repeatable levels by time:
     D:2: 1137 daAuts
     D:1: 1098 daAuts
     D:3: 217 daAuts
     D:4: 13 daAuts
